cohdb
Replays
Latest Replays
All Replays
Popular Replays
Top Player Replays
Match Explorer
How It Works
Community
CoH3 Stats
Reddit
Sign in to upload your games and track your stats! →
Sign in with Steam
Match 47230299
Unlisted
Match 47230299
Overview
Messages
Build Orders
End
Vickers Machine Gun Team
Construct Section Command Post
Selects Indian Artillery Battlegroup
Dingo Light Scout Car
Vickers Machine Gun Team
Infantry Section
Construct Platoon Command Post
Selects Artillery Saturation
ML 3-inch Mortar Team
Infantry Section
Humber Armored Car
***** *******
Happy Se Hyeon
RANGERS LEAD THE WAY!
nogadaman
HIBBLE
IIIIIIIIIIIIIIII
[PD] [9C] [FT] Claudius Tacitus
Nico-Nico-Nii~~
0
0
Comments
sign in to comment!
No comments posted yet!